[Event "November 21 Early 2023"]
[Site "https://www.chess.com"]
[Date "2023.11.21"]
[Round "2"]
[White "Ljukin, Sergei"]
[Black "Papasimakopoulos, Alexandros"]
[Result "0-1"]
[Board "159"]
[TimeControl "180+1"]
[WhiteFideId "14102200"]
[BlackFideId "4244125"]
[WhiteElo "2312"]
[BlackElo "2346"]
[WhiteTeam "UKR"]
[BlackTeam "GRE"]
[WhiteClock "0:00:21"]
[BlackClock "0:00:57"]

1. e4 e6 2. d4 d5 3. Nc3 Bb4 4. e5 c5 5. a3 Bxc3+ 6. bxc3 Nc6 7. h4 Bd7 8. h5 Qa5 9. Bd2 O-O-O 10. Qg4 Nge7 11. Nf3 Qa4 12. Rc1 f6 13. Qxg7 Rdg8 14. Qxf6 Rf8 15. Qh4 Nf5 16. Qh3 cxd4 17. cxd4 Nfxd4 18. Nxd4 Nxd4 19. Bd3 Rhg8 20. c3 Nb3 21. Bc2 Qxa3 22. Bxb3 Qxb3 23. O-O Qc4 24. Be3 a6 25. Bd4 Qe2 26. Rce1 Qg4 27. Qxg4 Rxg4 28. f3 Rg5 29. g4 a5 30. Kh2 a4 31. Kh3 Rg7 32. f4 h6 33. Be3 Bb5 34. Rf2 Bc4 35. Ra1 b5 36. f5 exf5 37. Bxh6 fxg4+ 38. Kh4 Rxf2 39. Bxg7 Rh2+ 40. Kg5 g3 41. e6 g2 42. h6 Rh1 43. h7 Rxh7 44. Kf6 Bf1 45. e7 Kd7 46. Rd1 Bc4 47. Kf7 Rxg7+ 48. Kxg7 Kxe7 0-1

[Event "November 21 Early 2023"]
[Site "https://www.chess.com"]
[Date "2023.11.21"]
[Round "2"]
[White "Vlassov, Nikolai"]
[Black "Kotepalli, Sai Nirupama"]
[Result "1-0"]
[Board "160"]
[TimeControl "180+1"]
[WhiteFideId "4103360"]
[BlackFideId "5039444"]
[WhiteElo "2324"]
[BlackElo "2388"]
[WhiteTeam "FID"]
[BlackTeam "IND"]
[WhiteClock "0:00:43"]
[BlackClock "0:00:02"]

1. e4 c5 2. c3 Nf6 3. e5 Nd5 4. d4 cxd4 5. cxd4 Nc6 6. Nc3 Nxc3 7. bxc3 e6 8. f4 d6 9. Nf3 dxe5 10. fxe5 Be7 11. Bd3 b6 12. Qe2 Bb7 13. O-O O-O 14. Qe4 g6 15. Bh6 Re8 16. Qf4 Qd7 17. Rf2 Rac8 18. Raf1 Bf8 19. h4 Ne7 20. Ng5 Nf5 21. Bxf8 Rxf8 22. g4 Ng7 23. Nxf7 Nf5 24. gxf5 Rxf7 25. fxe6 Rxf4 26. exd7 Rg4+ 27. Kh2 Rd8 28. Rf8+ Rxf8 29. Rxf8+ Kxf8 30. d8=Q+ Kg7 31. Qd7+ Kh6 32. Qxg4 Kg7 33. Qd7+ Kh6 34. Qxb7 Kh5 35. Kg3 Kh6 36. e6 a5 37. e7 b5 38. e8=Q a4 39. Qf8+ Kh5 40. Be2# 1-0

[Event "November 21 Early 2023"]
[Site "https://www.chess.com"]
[Date "2023.11.21"]
[Round "2"]
[White "Hilary46"]
[Black "Dwilewicz, Katarzyna"]
[Result "1-0"]
[Board "161"]
[TimeControl "180+1"]
[BlackFideId "1148486"]
[WhiteElo "2593"]
[BlackElo "2098"]
[BlackTeam "POL"]
[WhiteClock "0:01:01"]
[BlackClock "0:00:04"]

1. e4 c5 2. Nf3 Nc6 3. d4 cxd4 4. Nxd4 Nf6 5. Nc3 d6 6. Bg5 e6 7. Qd2 a6 8. O-O-O Bd7 9. f4 Be7 10. Nf3 h6 11. Bxf6 gxf6 12. f5 Ne5 13. Nd4 b5 14. Bd3 Qa5 15. Kb1 Rc8 16. Rhf1 Qb6 17. Nce2 Rc7 18. fxe6 fxe6 19. Qe3 Qc5 20. Qh3 Nxd3 21. Rxd3 e5 22. Qh5+ Kd8 23. Rc3 Qb4 24. Nf5 Rxc3 25. Nxc3 Be6 26. Nd5 Bxd5 27. exd5 Qc4 28. Rd1 Rf8 29. Nxh6 Qf4 30. Nf5 Kd7 31. Qh7 Qg4 32. Qxe7+ Kc8 33. Qxf8+ Kb7 34. Qe7+ 1-0

[Event "November 21 Early 2023"]
[Site "https://www.chess.com"]
[Date "2023.11.21"]
[Round "2"]
[White "Dishman, Stephen"]
[Black "FoxOnTheRun97"]
[Result "0-1"]
[Board "162"]
[TimeControl "180+1"]
[WhiteFideId "403024"]
[WhiteElo "2204"]
[BlackElo "2590"]
[WhiteTeam "ENG"]
[WhiteClock "0:00:10"]
[BlackClock "0:00:16"]

1. d4 Nf6 2. Bg5 Ne4 3. Bf4 d5 4. e3 c5 5. Bd3 Nf6 6. c3 Nc6 7. Nd2 g6 8. Ngf3 cxd4 9. exd4 Bg7 10. O-O O-O 11. Re1 Bf5 12. Bxf5 gxf5 13. Ne5 e6 14. Nxc6 bxc6 15. Nb3 Ne4 16. f3 Nd6 17. Nc5 Re8 18. Re2 Qe7 19. Qe1 Nb7 20. b4 a5 21. a3 Nd6 22. Qg3 Nc4 23. Bh6 Qf6 24. Bg5 Qg6 25. bxa5 Rxa5 26. a4 h6 27. Bf4 Qxg3 28. hxg3 Rea8 29. Rb1 Bf8 30. Bc7 R5a7 31. Bb6 Bxc5 32. Bxc5 Rxa4 33. g4 fxg4 34. fxg4 Ra1 35. Ree1 Rxb1 36. Rxb1 Ne3 37. Rc1 Nxg4 38. Kf1 Nf6 39. Ke2 Ra2+ 40. Kf3 Ne4 41. Bb4 Rf2+ 42. Ke3 Rxg2 43. Ra1 Rg3+ 44. Kf4 Rd3 45. Ra8+ Kg7 46. Ke5 Nxc3 47. Bf8+ Kg6 48. Be7 Re3+ 49. Kd6 Ne4+ 50. Kxc6 h5 51. Rg8+ Kh7 52. Rg1 Rf3 53. Kd7 Nf6+ 54. Kd6 h4 55. Ke5 Rf5+ 56. Kd6 h3 57. Rh1 Rf3 58. Bxf6 Rxf6 59. Rxh3+ Kg6 60. Re3 Rf4 61. Ke5 Re4+ 62. Rxe4 dxe4 63. Kxe4 Kf6 64. Kf4 Ke7 65. Ke5 f6+ 66. Kf4 Kd7 67. Ke4 Kd6 68. Ke3 Kd5 69. Kd3 f5 70. Ke3 Kc4 71. Kf3 Kxd4 72. Ke2 Ke4 73. Kd2 f4 74. Ke2 f3+ 75. Kf2 Kf4 76. Kf1 Ke3 77. Ke1 f2+ 78. Kf1 e5 79. Kg2 Ke2 80. Kg3 f1=Q 81. Kg4 Qf4+ 82. Kh5 Qg3 83. Kh6 Kf3 84. Kh7 e4 85. Kh8 e3 86. Kh7 e2 87. Kh6 e1=Q 88. Kh7 Qh1# 0-1

[Event "November 21 Early 2023"]
[Site "https://www.chess.com"]
[Date "2023.11.21"]
[Round "2"]
[White "Figorito, Nick"]
[Black "Andriasian, Zaven"]
[Result "1/2-1/2"]
[Board "163"]
[TimeControl "180+1"]
[WhiteFideId "30923689"]
[BlackFideId "13302000"]
[WhiteElo "2381"]
[BlackElo "2624"]
[WhiteTeam "USA"]
[BlackTeam "ARM"]
[WhiteClock "0:00:06"]
[BlackClock "0:01:59"]

1. Nf3 d5 2. g3 Nf6 3. Bg2 g6 4. O-O Bg7 5. d4 O-O 6. c4 dxc4 7. Ne5 c6 8. Nxc4 Be6 9. Ne5 Bd5 10. Nc3 Bxg2 11. Kxg2 Nbd7 12. Nxd7 Qxd7 13. Bf4 Rfd8 14. Be5 c5 15. e3 cxd4 16. Bxd4 e5 17. Bxe5 Qe6 18. Bd4 h5 19. Qf3 h4 20. Rad1 h3+ 21. Kg1 Ng4 22. Bxg7 Kxg7 23. Qxb7 Rab8 24. Qe4 Qxe4 25. Nxe4 Rxd1 26. Rxd1 Rxb2 27. a4 Ne5 28. Ng5 f6 29. Nxh3 g5 30. Kg2 Ra2 31. Rd4 a5 32. Ng1 g4 33. h3 f5 34. hxg4 Nxg4 35. Nh3 Nxe3+ 36. Kf3 Ng4 37. Rd5 Kf6 38. Rxa5 Ne5+ 39. Kg2 Ng4 40. Ra8 Kg7 41. a5 Ne3+ 42. Kf3 Ng4 43. a6 Ne5+ 44. Kf4 Nd3+ 45. Kxf5 Nb4 46. a7 Nc6 47. Ng5 Rxf2+ 48. Kg4 Ra2 49. Ne6+ Kh7 50. Nf8+ Kh6 51. Nd7 Nxa7 52. Kh3 Kg7 53. Nb6 Ra3 54. Nc8 Nb5 55. Rxa3 Nxa3 56. Nd6 Nc2 57. Ne4 Nd4 58. Kh4 Nf5+ 59. Kg4 Ne7 60. Kh5 Nd5 61. g4 Nf4+ 62. Kg5 Ne6+ 63. Kf5 Nf8 64. Ng5 Nd7 65. Ne6+ Kf7 66. g5 Ke7 67. g6 Nf6 68. Ng5 Nh5 69. Nh7 Ng7+ 70. Kg5 Ne6+ 71. Kh6 Nd4 72. Kg5 Ne6+ 73. Kf5 Ng7+ 74. Ke5 Ne8 75. Ng5 Kf8 76. Ne6+ Ke7 77. Kf5 Nd6+ 78. Ke5 Nc4+ 79. Kf4 Kxe6 80. g7 Kf7 81. g8=Q+ Kxg8 1/2-1/2

[Event "November 21 Early 2023"]
[Site "https://www.chess.com"]
[Date "2023.11.21"]
[Round "2"]
[White "Matveeva, Olga"]
[Black "Kim, Sergey"]
[Result "0-1"]
[Board "164"]
[TimeControl "180+1"]
[WhiteFideId "24107018"]
[BlackFideId "13700570"]
[WhiteElo "1883"]
[BlackElo "2579"]
[WhiteTeam "RUS"]
[BlackTeam "KAZ"]
[WhiteClock "0:00:01"]
[BlackClock "0:00:22"]

1. d4 Nf6 2. c4 g6 3. g3 d6 4. Bg2 Bg7 5. Nc3 O-O 6. Nf3 Nbd7 7. O-O e5 8. e4 exd4 9. Nxd4 Re8 10. Re1 Nc5 11. h3 c6 12. Rb1 a5 13. b3 h6 14. Bb2 a4 15. b4 Ne6 16. Nde2 a3 17. Ba1 Ng5 18. Nf4 Qc7 19. Kh2 Nd7 20. h4 Nh7 21. Nd3 Nhf6 22. f3 Ne5 23. Nxe5 dxe5 24. Qc2 Be6 25. Nd1 Red8 26. Ne3 h5 27. Red1 Bh6 28. Nf1 Nh7 29. Bh3 Nf8 30. Qc3 Bg7 31. Rxd8 Rxd8 32. Qxa3 Bxc4 33. Ne3 Rd2+ 34. Kh1 Rxa2 35. Qc3 Be6 36. Bxe6 Nxe6 37. Rd1 Nd4 38. Nc4 Qd7 39. Bb2 b5 40. Na5 Qh3+ 41. Kg1 Nxf3+ 42. Qxf3 Rxb2 43. Rd8+ Bf8 44. Nxc6 Qh2+ 45. Kf1 Rb1+ 46. Rd1 Rxd1+ 47. Qxd1 Qxg3 48. Qd8 Qf4+ 49. Kg1 Qg4+ 50. Kf1 Qf3+ 51. Kg1 Qxe4 52. Nb8 Qd4+ 53. Qxd4 exd4 54. Kf2 Bxb4 55. Nc6 Bc5 56. Ke2 Kg7 57. Kd3 f6 0-1

[Event "November 21 Early 2023"]
[Site "https://www.chess.com"]
[Date "2023.11.21"]
[Round "2"]
[White "Pak, Yevgeniy"]
[Black "vinclat"]
[Result "1-0"]
[Board "165"]
[TimeControl "180+1"]
[WhiteFideId "14201712"]
[WhiteElo "2320"]
[BlackElo "2377"]
[WhiteTeam "KAZ"]
[WhiteClock "0:00:34"]
[BlackClock "0:00:01"]

1. e4 e5 2. Nf3 Nc6 3. Bb5 a6 4. Ba4 d6 5. O-O Bd7 6. d4 Nxd4 7. Bxd7+ Qxd7 8. Nxd4 exd4 9. Qxd4 Nf6 10. Nc3 Be7 11. f4 O-O 12. Be3 Rfe8 13. Rad1 Ng4 14. h3 Nxe3 15. Qxe3 Bf8 16. Qg3 Kh8 17. Rfe1 Qc6 18. Nd5 Re6 19. c3 Rae8 20. Qf3 f5 21. Rd4 Qc5 22. Kh2 fxe4 23. Rdxe4 Rxe4 24. Rxe4 Rxe4 25. Qxe4 Qc6 26. Qe6 g6 27. Qf7 Bg7 28. Ne7 1-0

[Event "November 21 Early 2023"]
[Site "https://www.chess.com"]
[Date "2023.11.21"]
[Round "2"]
[White "Dilmukhametov, Artur"]
[Black "Gallegos Diaz, Carlos Alberto"]
[Result "0-1"]
[Board "166"]
[TimeControl "180+1"]
[WhiteFideId "24179922"]
[BlackFideId "3900886"]
[WhiteElo "2176"]
[BlackElo "2362"]
[WhiteTeam "RUS"]
[BlackTeam "VEN"]
[WhiteClock "0:00:00"]
[BlackClock "0:00:38"]

1. e4 d6 2. d4 Nf6 3. Nf3 Nxe4 4. Bd3 Nf6 5. O-O g6 6. Be3 Bg7 7. h3 O-O 8. Qd2 Re8 9. c4 e5 10. dxe5 dxe5 11. Bc2 Qxd2 12. Nbxd2 Nc6 13. a3 a6 14. Rad1 Bd7 15. Ng5 Nd4 16. Bxd4 exd4 17. Nde4 Nxe4 18. Nxe4 Bc6 19. Ng3 f5 20. Rfe1 Rad8 21. b4 Rxe1+ 22. Rxe1 d3 23. Rd1 f4 0-1

[Event "November 21 Early 2023"]
[Site "https://www.chess.com"]
[Date "2023.11.21"]
[Round "2"]
[White "Garrido, Denis"]
[Black "Demin, Vladimir"]
[Result "0-1"]
[Board "167"]
[TimeControl "180+1"]
[WhiteFideId "601217"]
[BlackFideId "4167457"]
[WhiteElo "2374"]
[BlackElo "2569"]
[WhiteTeam "FRA"]
[BlackTeam "RUS"]
[WhiteClock "0:01:51"]
[BlackClock "0:01:01"]

1. e4 e5 2. Nf3 Nc6 3. Bc4 Bc5 4. c3 Nf6 5. d3 a6 6. O-O d6 7. a4 Ba7 8. Re1 O-O 9. h3 Re8 10. Nbd2 Be6 11. Bxe6 Rxe6 12. b4 d5 13. Bb2 d4 14. cxd4 Nxd4 15. Nxd4 Bxd4 16. Bxd4 Qxd4 17. Nc4 Rd8 18. Ra3 Nxe4 19. Qf3 Ng5 20. Qxb7 e4 21. Rd1 Rg6 22. Ne3 Nxh3+ 23. Kh2 Qe5+ 24. Kh1 Nxf2+ 0-1

[Event "November 21 Early 2023"]
[Site "https://www.chess.com"]
[Date "2023.11.21"]
[Round "2"]
[White "secrethawk1"]
[Black "Morgunov, Marc"]
[Result "1-0"]
[Board "168"]
[TimeControl "180+1"]
[BlackFideId "1640305"]
[WhiteElo "2372"]
[BlackElo "2371"]
[BlackTeam "AUT"]
[WhiteClock "0:00:32"]
[BlackClock "0:01:01"]

1. e4 c5 2. Nf3 d6 3. d4 cxd4 4. Nxd4 Nf6 5. Nc3 a6 6. Be3 e5 7. Nf3 Be7 8. Bc4 O-O 9. O-O Qc7 10. Bb3 Nc6 11. a4 Na5 12. Bd5 Be6 13. Qd3 Nc4 14. Bxe6 Nxb2 15. Bxf7+ Rxf7 16. Qd2 Rc8 17. Nd5 Nxd5 18. Qxd5 Qc6 19. Qe6 Bf6 20. Nd2 Qxc2 21. Nb3 Nc4 22. Qxc8+ Rf8 23. Qe6+ Kh8 24. Rac1 Qxb3 25. Qxc4 Qa3 26. Ra1 Qb2 27. Rfb1 1-0

[Event "November 21 Early 2023"]
[Site "https://www.chess.com"]
[Date "2023.11.21"]
[Round "2"]
[White "Burovic00"]
[Black "Derjabin, Ilja"]
[Result "0-1"]
[Board "169"]
[TimeControl "180+1"]
[BlackFideId "14104768"]
[WhiteElo "2368"]
[BlackElo "2309"]
[BlackTeam "UKR"]
[WhiteClock "0:00:01"]
[BlackClock "0:00:10"]

1. e4 e6 2. d3 d5 3. Nd2 Nc6 4. Ngf3 dxe4 5. dxe4 Nf6 6. e5 Ng4 7. Bb5 Bc5 8. O-O O-O 9. Bxc6 bxc6 10. h3 Nxf2 11. Rxf2 Ba6 12. Qe1 Bxf2+ 13. Qxf2 f6 14. exf6 Qxf6 15. Ne4 Qg6 16. Qe3 Rad8 17. Bd2 Rd5 18. Bc3 h6 19. Re1 c5 20. Ne5 Qf5 21. Nxc5 Bc8 22. Nc6 Rf7 23. b4 Qxc2 24. a3 Rg5 25. Qd2 Qf5 26. Qd8+ Kh7 27. Qd3 Qxd3 28. Nxd3 Bb7 29. Nde5 Rff5 30. b5 Bxc6 31. bxc6 Rg3 32. Bb4 Rfg5 33. Re2 Rxh3 34. Nf7 Rgg3 35. Nd8 Rh4 36. Nxe6 Rc4 37. Nxc7 Rxc6 38. Ne6 h5 39. Nf8+ Kh6 40. Re6+ Rxe6 41. Nxe6 a5 42. Bd2+ Kg6 43. Nf4+ Kf7 44. Bc1 a4 45. Kf2 Rc3 46. Ne2 Rb3 47. Ke1 Kf6 48. Kd1 g5 49. Kc2 h4 50. Nc3 Kf5 51. Nxa4 Rg3 52. Nc5 Rxg2+ 53. Kd3 h3 54. Ne4 h2 0-1

[Event "November 21 Early 2023"]
[Site "https://www.chess.com"]
[Date "2023.11.21"]
[Round "2"]
[White "Ovezdurdyyeva, Jemal"]
[Black "Omariev, Maksim"]
[Result "0-1"]
[Board "170"]
[TimeControl "180+1"]
[WhiteFideId "14001888"]
[BlackFideId "4193423"]
[WhiteElo "2086"]
[BlackElo "2550"]
[WhiteTeam "TKM"]
[BlackTeam "RUS"]
[WhiteClock "0:00:11"]
[BlackClock "0:00:33"]

1. e4 c5 2. Nf3 d6 3. c3 Nf6 4. Bd3 Nbd7 5. O-O b6 6. Bc2 Bb7 7. Re1 g6 8. d4 Qc7 9. e5 Nd5 10. e6 fxe6 11. Ng5 N7f6 12. Nxe6 Qd7 13. a3 Nc7 14. Nxf8 Rxf8 15. Bh6 Rf7 16. Bb3 Nfd5 17. c4 Nf4 18. d5 O-O-O 19. Nc3 e5 20. a4 a5 21. Nb5 Nxb5 22. axb5 Rf5 23. Bc2 g5 24. Bxf5 Qxf5 25. Qh5 Nxh5 0-1

[Event "November 21 Early 2023"]
[Site "https://www.chess.com"]
[Date "2023.11.21"]
[Round "2"]
[White "Ozates, Tuna"]
[Black "Matthes, Aaron"]
[Result "1-0"]
[Board "171"]
[TimeControl "180+1"]
[WhiteFideId "6354521"]
[BlackFideId "16227310"]
[WhiteElo "2151"]
[BlackElo "2359"]
[WhiteTeam "TUR"]
[BlackTeam "GER"]
[WhiteClock "0:00:52"]
[BlackClock "0:00:18"]

1. e4 c6 2. d4 d5 3. exd5 cxd5 4. c4 Nf6 5. Nc3 g6 6. cxd5 Bg7 7. g3 Nxd5 8. Bg2 Nxc3 9. bxc3 O-O 10. Nf3 Qc7 11. Bd2 Bg4 12. O-O Nc6 13. Re1 e6 14. Rb1 Rac8 15. h3 Bxf3 16. Bxf3 b6 17. h4 h5 18. Rb5 Ne7 19. Bxh5 Nd5 20. Bg4 Nxc3 21. Bxc3 Qxc3 22. d5 Rcd8 23. h5 Qc4 24. Be2 Qxa2 25. hxg6 fxg6 26. Qd3 Rxd5 27. Rxd5 Qxd5 28. Qxg6 Qf5 29. Qxf5 exf5 30. Bc4+ Kh7 31. Re7 a5 32. Rb7 Rf6 33. Bd3 Kh6 34. Kg2 f4 35. g4 f3+ 36. Kh3 Kg5 37. Rxg7+ Kf4 38. g5 Rd6 39. Bc4 Rd4 40. g6 Rxc4 41. Rf7+ Kg5 42. g7 Rh4+ 43. Kg3 Rg4+ 44. Kxf3 Kh5 45. Rf5+ Kh4 46. Rf4 Rxf4+ 47. Kxf4 1-0

[Event "November 21 Early 2023"]
[Site "https://www.chess.com"]
[Date "2023.11.21"]
[Round "2"]
[White "Dmitrenko, Viktor"]
[Black "Kovalyov_Eduard"]
[Result "0-1"]
[Board "172"]
[TimeControl "180+1"]
[WhiteFideId "14110270"]
[WhiteElo "2292"]
[BlackElo "2536"]
[WhiteTeam "UKR"]
[WhiteClock "0:00:13"]
[BlackClock "0:00:08"]

1. d4 Nf6 2. Nf3 g6 3. g3 Bg7 4. Bg2 O-O 5. O-O d6 6. c4 Nc6 7. h3 e5 8. d5 Nb8 9. Nc3 a5 10. e4 Na6 11. Be3 Nd7 12. a3 Nac5 13. b4 axb4 14. axb4 Rxa1 15. Qxa1 Na6 16. Qb2 Nb6 17. Nd2 f5 18. Nb5 Bd7 19. Qb3 Bxb5 20. cxb5 Nb8 21. exf5 gxf5 22. f4 e4 23. Kh2 N8d7 24. Rc1 Nf6 25. Nc4 Nbxd5 26. Rd1 Kh8 27. Bg1 b6 28. Ne5 dxe5 29. fxe5 Qe7 30. exf6 Nxf6 31. Be3 Nh5 32. Bd4 Be5 33. Qc3 Bxd4 34. Qxd4+ Qg7 35. g4 fxg4 36. hxg4 Nf6 37. Kg1 Qxg4 38. Rf1 Kg7 39. Qe5 Rf7 40. Rf4 Qg6 41. Kh1 Qh5+ 42. Qxh5 Nxh5 43. Rxe4 Ng3+ 44. Kh2 Nxe4 45. Bxe4 Rf4 46. Bc6 Rxb4 0-1

[Event "November 21 Early 2023"]
[Site "https://www.chess.com"]
[Date "2023.11.21"]
[Round "2"]
[White "subham777"]
[Black "Skurikhin, Dmitrij"]
[Result "1/2-1/2"]
[Board "173"]
[TimeControl "180+1"]
[BlackFideId "4161297"]
[WhiteElo "2536"]
[BlackElo "2197"]
[BlackTeam "RUS"]
[WhiteClock "0:00:40"]
[BlackClock "0:00:55"]

1. e4 e6 2. Nf3 d5 3. Nc3 Nf6 4. e5 Nfd7 5. d4 c5 6. dxc5 Nc6 7. Bf4 Bxc5 8. Bd3 h6 9. h4 a6 10. Rh3 b5 11. Rg3 Bf8 12. Qe2 Bb7 13. O-O-O Qa5 14. Nxd5 O-O-O 15. Nc3 b4 16. Ne4 Qxa2 17. Nd6+ Bxd6 18. exd6 e5 19. Nxe5 Ncxe5 20. Bxe5 Rhe8 21. Re3 Nxe5 22. Rxe5 Qa1+ 23. Kd2 Qxb2 24. d7+ Kxd7 25. Rxe8 Qc3+ 26. Kc1 Qa1+ 27. Kd2 Qc3+ 28. Kc1 Qa1+ 29. Kd2 Qc3+ 1/2-1/2

[Event "November 21 Early 2023"]
[Site "https://www.chess.com"]
[Date "2023.11.21"]
[Round "2"]
[White "Graca, Robert"]
[Black "Vlasova, Nataliya"]
[Result "1-0"]
[Board "175"]
[TimeControl "180+1"]
[WhiteFideId "644943"]
[BlackFideId "4122682"]
[WhiteElo "2204"]
[BlackElo "1939"]
[WhiteTeam "FRA"]
[BlackTeam "RUS"]
[WhiteClock "0:00:08"]
[BlackClock "0:00:06"]

1. Nf3 Nf6 2. c4 g6 3. Nc3 Bg7 4. e4 d6 5. d4 O-O 6. Be2 Nc6 7. Be3 e5 8. d5 Ne7 9. Nd2 Nd7 10. b4 f5 11. f3 f4 12. Bf2 g5 13. h3 Nf6 14. c5 h5 15. Nc4 a5 16. cxd6 cxd6 17. Bb6 Qd7 18. Nxa5 Ng6 19. Rc1 Nh4 20. Kf1 Bh6 21. Nb5 Qg7 22. Rc7 Qg6 23. Nxd6 g4 24. hxg4 Nxg2 25. Kxg2 hxg4 26. Qg1 gxf3+ 27. Kxf3 Bg4+ 28. Kf2 f3 29. Nf5 Nxe4+ 30. Ke1 Bd2+ 31. Kd1 fxe2+ 32. Kc2 Rac8 33. Ne7+ Kg7 34. Nxg6+ Rxc7+ 35. Bxc7 e1=Q 36. Bxe5+ Nf6 37. Qxe1 Bxe1 38. Nxf8 Bf5+ 39. Kb3 Bf2 40. Ne6+ Bxe6 41. dxe6 Bb6 42. Rf1 Bd8 43. Nxb7 Be7 44. Nc5 Kg6 45. Nd7 Nd5 46. a3 Ne3 47. Rf3 Nf5 48. Rg3+ Bg5 49. Bf4 Kh5 50. Rxg5+ Kh4 51. Rxf5 Kg4 52. Rf7 Kf3 53. Bb8+ Ke4 54. e7 Kd4 55. Nb6 Kd3 56. Na4 Kd2 57. e8=Q 1-0

[Event "November 21 Early 2023"]
[Site "https://www.chess.com"]
[Date "2023.11.21"]
[Round "2"]
[White "MIss_MIaMI"]
[Black "Herman, Matthew"]
[Result "1-0"]
[Board "176"]
[TimeControl "180+1"]
[BlackFideId "2028964"]
[WhiteElo "2352"]
[BlackElo "2368"]
[BlackTeam "USA"]
[WhiteClock "0:00:39"]
[BlackClock "0:00:20"]

1. e4 e5 2. Nf3 Nc6 3. d4 exd4 4. c3 d5 5. exd5 Qxd5 6. Nxd4 Nxd4 7. cxd4 Qe4+ 8. Be3 Bd7 9. Qd3 Nf6 10. Nc3 Bb4 11. a3 Ba5 12. b4 Qxd3 13. Bxd3 Bb6 14. O-O O-O 15. Rfd1 Rad8 16. Ne4 Nd5 17. Nc5 Bc8 18. Bg5 f6 19. Bh4 g5 20. Bg3 Kg7 21. h4 h6 22. Bc4 Rfe8 23. Re1 c6 24. Kf1 Kf8 25. Rad1 Nc3 26. Rd3 Rxe1+ 27. Kxe1 Re8+ 28. Kd2 Ne4+ 29. Nxe4 Rxe4 30. Bd6+ Kg7 31. hxg5 hxg5 32. Kc3 Re2 33. Rf3 Bg4 34. Bxe2 1-0

[Event "November 21 Early 2023"]
[Site "https://www.chess.com"]
[Date "2023.11.21"]
[Round "2"]
[White "brm72"]
[Black "Marin Pincheira, Carlos"]
[Result "1-0"]
[Board "177"]
[TimeControl "180+1"]
[BlackFideId "3407543"]
[WhiteElo "2522"]
[BlackElo "2080"]
[BlackTeam "CHI"]
[WhiteClock "0:00:28"]
[BlackClock "0:00:00"]

1. e4 e5 2. Nf3 Nf6 3. Nxe5 d6 4. Nf3 Nxe4 5. Nc3 Nxc3 6. dxc3 Nc6 7. h3 d5 8. Bd3 Bd6 9. Bg5 Ne7 10. Qe2 Be6 11. O-O-O h6 12. Bd2 c5 13. c4 O-O 14. g4 b5 15. cxd5 Nxd5 16. g5 Nf4 17. Bxf4 Bxf4+ 18. Kb1 Qa5 19. a3 c4 20. Bh7+ Kxh7 21. Qe4+ g6 22. Qxf4 b4 23. gxh6 Qf5 24. Ng5+ Kxh6 25. Nxe6+ Qxf4 26. Nxf4 bxa3 27. bxa3 Rab8+ 28. Ka1 Rb5 29. Rd4 Rc8 30. Ne2 Ra5 31. Ka2 c3 32. Rd3 f5 33. Rxc3 Re8 34. Nd4 1-0

[Event "November 21 Early 2023"]
[Site "https://www.chess.com"]
[Date "2023.11.21"]
[Round "2"]
[White "sjoerd893"]
[Black "mkllnd1517"]
[Result "0-1"]
[Board "178"]
[TimeControl "180+1"]
[WhiteElo "2520"]
[BlackElo "2343"]
[WhiteClock "0:00:00"]
[BlackClock "0:00:04"]

1. e4 e6 2. d4 d5 3. Nc3 Bb4 4. e5 c5 5. a3 Bxc3+ 6. bxc3 Qa5 7. Bd2 Qa4 8. Bd3 b6 9. Qg4 Kf8 10. Nf3 h6 11. O-O Ne7 12. Be3 Ba6 13. Rfb1 Bxd3 14. cxd3 Nbc6 15. Qf4 cxd4 16. Bxd4 Kg8 17. Be3 Qxf4 18. Bxf4 Ng6 19. Bg3 Kh7 20. Rd1 Rhc8 21. Rac1 Na5 22. Rc2 Rc5 23. Nd4 Rac8 24. Ne2 Nc6 25. f4 Nge7 26. Bf2 Ra5 27. Ra1 h5 28. a4 Nf5 29. g3 g5 30. Kg2 Rg8 31. Kf3 g4+ 32. Kg2 Rc8 33. Raa2 Kg6 34. Nc1 b5 35. h3 bxa4 36. hxg4 hxg4 37. Ne2 Rb8 38. Ra3 Rb3 39. Rca2 Rxa3 40. Rxa3 Nd8 41. Be1 Nb7 42. c4 Rc5 43. Rxa4 dxc4 44. dxc4 Rxc4 45. Rxc4 Ne3+ 46. Kg1 Nxc4 47. Nd4 a5 48. Nb5 a4 49. Bb4 Nd8 50. Nc3 Nc6 51. Bc5 a3 52. Nb5 a2 0-1

[Event "November 21 Early 2023"]
[Site "https://www.chess.com"]
[Date "2023.11.21"]
[Round "2"]
[White "Ongut, Tamas Gunes"]
[Black "AC_20"]
[Result "0-1"]
[Board "179"]
[TimeControl "180+1"]
[WhiteFideId "770280"]
[WhiteElo "2148"]
[BlackElo "2340"]
[WhiteTeam "HUN"]
[WhiteClock "0:00:10"]
[BlackClock "0:00:35"]

1. d4 d5 2. c4 e6 3. Bf4 Nf6 4. cxd5 exd5 5. f3 c6 6. Nc3 Bd6 7. Bg5 h6 8. Bh4 O-O 9. e4 dxe4 10. fxe4 g5 11. Bg3 Bxg3+ 12. hxg3 Re8 13. e5 c5 14. Bb5 Nc6 15. Bxc6 bxc6 16. Qf3 cxd4 17. O-O-O Bg4 18. Qxf6 Qxf6 19. exf6 dxc3 20. Nf3 cxb2+ 21. Kxb2 Re2+ 22. Kc3 Rxg2 23. Rxh6 Rxg3 24. Rdh1 Rxf3+ 25. Kc4 Be6+ 26. Kc5 Rc3+ 27. Kd6 Rd3+ 28. Kc5 Rh3 29. R1xh3 Bxh3 30. Rxh3 Re8 31. Rg3 Re5+ 32. Kxc6 Kh7 33. Ra3 g4 34. Rxa7 Kg6 35. a4 g3 36. Ra8 Kxf6 37. Rh8 g2 38. Rh6+ Kg7 39. Rh4 g1=Q 40. Rb4 Qc5+ 0-1

[Event "November 21 Early 2023"]
[Site "https://www.chess.com"]
[Date "2023.11.21"]
[Round "2"]
[White "Krzywda, Andrzej"]
[Black "KorolDimitriy75"]
[Result "1/2-1/2"]
[Board "180"]
[TimeControl "180+1"]
[WhiteFideId "1114565"]
[WhiteElo "2130"]
[BlackElo "2338"]
[WhiteTeam "POL"]
[WhiteClock "0:00:12"]
[BlackClock "0:00:04"]

1. e4 c5 2. Nf3 d6 3. d4 cxd4 4. Nxd4 Nf6 5. Nc3 g6 6. Be3 Bg7 7. f3 O-O 8. Qd2 Nc6 9. O-O-O d5 10. exd5 Nxd5 11. Nxc6 bxc6 12. Bd4 e5 13. Bc5 Be6 14. Ne4 Rb8 15. Bc4 Qc7 16. Bb3 Rfd8 17. Qf2 a5 18. a4 h6 19. Kb1 f5 20. Nd2 Nf4 21. Nc4 Rd5 22. Nb6 Rxc5 23. Qxc5 Qxb6 24. Qxb6 Rxb6 25. Bxe6+ Nxe6 26. Rd6 Nc5 27. Rxg6 Kf7 28. Rd6 e4 29. b3 Nxa4 30. fxe4 Nc3+ 31. Kc1 Nxe4 32. Rd7+ Kg6 33. Ra7 Bc3 34. Rd1 c5 35. Rd8 c4 36. Rg8+ Kh5 37. h3 cxb3 38. cxb3 Rxb3 39. g4+ fxg4 40. hxg4+ Kh4 41. Rh7 a4 42. Rxh6+ Kg3 43. Re6 Kf3 44. Rf8+ Ke3 45. Rfe8 Rb4 46. g5 a3 47. Kc2 a2 48. Ra8 a1=Q 49. Rxa1 Bxa1 50. g6 Rb5 51. Ra6 Bd4 52. Ra3+ Bc3 53. g7 Rg5 54. Ra7 Rxg7 55. Rxg7 Bxg7 56. Kb3 Kd3 57. Kb4 Nc3 58. Kc5 Bd4+ 59. Kd6 Ke4 60. Ke6 Nd5 61. Kd7 Bc5 62. Kc6 Kd4 63. Kb5 Nc3+ 64. Kc6 Ne4 65. Kd7 Kd5 66. Kc7 Bd6+ 67. Kd7 Nc5+ 68. Kc8 Kc6 69. Kd8 Kd5 70. Kc8 Ke6 71. Kd8 Nd7 72. Kc8 Nc5 73. Kd8 Be7+ 74. Kc8 Bd6 1/2-1/2

[Event "November 21 Early 2023"]
[Site "https://www.chess.com"]
[Date "2023.11.21"]
[Round "2"]
[White "Viskelis, Darius"]
[Black "Novik, Maxim"]
[Result "0-1"]
[Board "181"]
[TimeControl "180+1"]
[WhiteFideId "12800830"]
[BlackFideId "4102924"]
[WhiteElo "1859"]
[BlackElo "2306"]
[WhiteTeam "LTU"]
[BlackTeam "LTU"]
[WhiteClock "0:00:00"]
[BlackClock "0:01:06"]

1. e4 c6 2. d4 d5 3. exd5 cxd5 4. c4 Nf6 5. Nc3 g6 6. cxd5 Nxd5 7. Qb3 Nxc3 8. bxc3 Bg7 9. Nf3 O-O 10. Be3 Nc6 11. Be2 Be6 12. Qxb7 Bd5 13. Qb5 Rb8 14. Qd3 e5 15. dxe5 Bxf3 16. Qxd8 Rfxd8 17. Bxf3 Nxe5 18. O-O Nxf3+ 19. gxf3 Bxc3 20. Rab1 a5 21. Rfc1 Rxb1 22. Rxb1 Bb4 23. Kf1 Rd3 24. Ke2 Ra3 25. Rb2 f5 26. Rc2 Kf7 27. f4 Ke6 28. Kf3 Rc3 29. Rb2 Kd5 30. Rd2+ Kc6 31. Rb2 Kb5 32. Ke2 Ka4 33. Bd2 Rc4 34. Bxb4 Rxb4 35. Rd2 Rxf4 36. Kf1 Ka3 37. Kg2 a4 38. f3 Rb4 39. Kg3 g5 0-1